AoeStats
← flynorc

Four Lakes

508527907Analyzed
1v1 RM · 9d ago on Sep 22, 2026· 21m 55s· 2 players
Game mode
Random Map
Map size
Tiny (2 player)
Population
200
Speed
Normal
Resources
Standard
Victory
Conquest
Starting age
Dark Age
Ending age
Imperial Age
RankedLock teamsTeams togetherTeam positionsShared explorationLock speedFull tech treeHidden civsTurbo modeCheats
Victory
Defeat
🇨🇱 Random · Chile
1588
+14
🇦🇹 Italians · Austria
1546
-14
flynorc
8:00 Loom
10:27 Feudal Age
10:59 Fishing Lines
17:05 Castle Age
16:12 Fletching
18:16 Double-Bit Axe
18:25 Gillnets
19:46 Bow Saw
20:28 Horse Collar
20:57 Bodkin Arrow
22:08 Padded Archer Armor
AiM | PoRRo
4:01 Loom
9:35 Feudal Age
10:34 Double-Bit Axe
18:48 Castle Age
19:13 Fletching
20:24 Bodkin Arrow
Connection lost

Rejoining the realm…

Still unreachable

The connection could not be restored.

Session expired

The server has moved on; the page needs a fresh start.